 Dungeon Crawl Stone Soup version 0.29.1-12-g30fa7ad0bf (webtiles) character file.

Game seed: 17917931305559861591

837 funkygono the Covered (level 7, -5/61 HPs)
             Began as a Minotaur Fighter on Dec 30, 2022.
             Slain by Prince Ribbit (13 damage)
             ... on level 5 of the Dungeon.
             The game lasted 00:10:07 (5285 turns).

funkygono the Covered (Minotaur Fighter)            Turns: 5285, Time: 00:10:07

Health: -5/61      AC: 12    Str: 23    XL:     7   Next: 66%
Magic:  6/6        EV:  8    Int:  5    God:
Gold:   199        SH:  6    Dex: 19    Spells: 6/6 levels left

rFire   . . .      SeeInvis .   b - +5 sling "Xeutec" {speed, rElec Dex+4}
rCold   . . .      Faith    .   c - +0 buckler
rNeg    . . .      Spirit   .   p - +0 chain mail
rPois   .          Reflect  .   (helmet restricted)
rElec   +          Harm     .   (no cloak)
rCorr   .          Rampage  .   (no gloves)
Will    .....                   i - +1 pair of boots
Stlth   ..........              (no amulet)
HPRegen 0.20/turn               r - +6 ring of dexterity
MPRegen 0.10/turn               (no ring)

@: no status effects
A: horns 2, retaliatory headbutt
a: no special abilities


You were on level 5 of the Dungeon.
You visited 1 branch of the dungeon, and saw 6 of its levels.
You also visited: Sewer.

You collected 199 gold pieces.

Inventory:

Hand Weapons
 a - a +1 long sword
 b - the +5 sling "Xeutec" (weapon) {speed, rElec Dex+4}
   (You found it on level 2 of the Dungeon)

   Attacks with this weapon are significantly faster.
   Dex:       It affects your dexterity (+4).
   rElec:     It insulates you from electricity.
 q - a +2 shortbow of freezing
 z - a +2 flail of protection
Missiles
 j - 7 poisoned darts
 y - 4 boomerangs
 B - 5 curare-tipped darts
Armour
 c - a +0 buckler (worn)
 i - a +1 pair of boots (worn)
 p - a +0 chain mail (worn)
 t - a +0 scale mail
Jewellery
 r - a +6 ring of dexterity (left hand)
Wands
 v - a wand of iceblast (8)
Scrolls
 f - 4 scrolls of teleportation
 n - a scroll of blinking
 x - a scroll of butterflies
 A - a scroll of amnesia
 C - 3 scrolls of enchant armour
Potions
 d - 2 potions of might
 e - 3 potions of heal wounds
 g - a potion of lignification {unknown}
 h - 2 potions of invisibility {unknown}
 k - a potion of brilliance {unknown}
 l - 5 potions of curing {unknown}
 m - 3 potions of flight {unknown}
 o - a potion of attraction {unknown}
 s - 2 potions of degeneration {unknown}
 u - a potion of mutation {unknown}
 w - a potion of magic {unknown}


   Skills:
 + Level 5.4 Fighting
 + Level 5.6 Long Blades
 + Level 4.1 Ranged Weapons
 + Level 6.0 Armour
 + Level 1.2 Dodging
 + Level 0.1 Stealth
 + Level 5.2 Shields


You had 6 spell levels left.
You didn't know any spells.
Your spell library contained the following spells:

 Spells                   Type           Power      Damage    Failure   Level
 Magic Dart               Conj           0%         1d3       99%         1
 Call Imp                 Summ           0%         N/A       100%        2
 Sublimation of Blood     Necr           0%         N/A       100%        2
 Mephitic Cloud           Conj/Pois/Air  0%         N/A       100%        3
 Petrify                  Tmut/Erth      0%         N/A       100%        4
 Freezing Cloud           Conj/Ice/Air   0%         6-21      100%        5
 Irradiate                Conj/Tmut      0%         3d11      100%        5
 Simulacrum               Ice/Necr       0%         N/A       100%        6
 Polar Vortex             Ice            0%         N/A       100%        9


Dungeon Overview and Level Annotations

Branches:
Dungeon (6/15)              Sewer (visited)
 Temple: D:4-7

Altars:

Shops:
D:4 *

Annotations:
D:5 Prince Ribbit


Innate Abilities, Weirdness & Mutations

You have a pair of horns on your head.
You reflexively headbutt those who attack you in melee.


Message History

You feel agile.
Your hands tingle!
b - the +5 sling "Xeutec" (weapon)
{speed, rElec Dex+4} Fire: b) +5 sling "Xeutec" {speed, rElec Dex+4}
Press: ? - help, Q - select action, (/) - cycle Shift-Dir - straight line, f - Prince Ribbit
Aim: Prince Ribbit (lightly wounded, 51% to hit)
You shoot a sling bullet. The sling bullet hits Prince Ribbit!
Prince Ribbit is moderately wounded.
Unknown command.
Fire: b) +5 sling "Xeutec" {speed, rElec Dex+4}
Press: ? - help, Q - select action, (/) - cycle Shift-Dir - straight line, f/p - Prince Ribbit
Aim: Prince Ribbit (moderately wounded, 51% to hit)
Okay, then.
a - a +1 long sword (weapon)
Prince Ribbit hits you!
* * * LOW HITPOINT WARNING * * *
You hit Prince Ribbit.
Prince Ribbit is moderately wounded.
You block Prince Ribbit's attack.
Unknown command.
You slash Prince Ribbit! Your headbutt misses Prince Ribbit.
Prince Ribbit is severely wounded.
Prince Ribbit blinks!
You feel agile.
Your hands tingle!
b - the +5 sling "Xeutec" (weapon)
{speed, rElec Dex+4} Fire: b) +5 sling "Xeutec" {speed, rElec Dex+4}
Press: ? - help, Q - select action, (/) - cycle Shift-Dir - straight line, f/p - Prince Ribbit
Aim: Prince Ribbit (severely wounded, 51% to hit)
You shoot a sling bullet. The sling bullet misses Prince Ribbit.
Unknown command.
Fire: b) +5 sling "Xeutec" {speed, rElec Dex+4}
Press: ? - help, Q - select action, (/) - cycle Shift-Dir - straight line, f/p - Prince Ribbit
Aim: Prince Ribbit (severely wounded, 51% to hit)
You shoot a sling bullet. The sling bullet hits Prince Ribbit.
Prince Ribbit is severely wounded.
Prince Ribbit hits you.
* * * LOW HITPOINT WARNING * * *
Prince Ribbit hits you!
You die...

...#.<.#......#......)#..........
...#...#......#.....)>#.....#####
...#...#......#.....).#.....#...#
####...#......#....)..#.....#.#.#
.......#......#....)..#...###.#..
..##...#......#.......#.......###
..####+#......#.......##......###
...'...#......#.ยง.....##..###.#..
..##)..#......#.@F.<...#....#.#.#
####...#......#........'....#.#.#
...#...#......#.......##....#####
...#...#......######'####'######.
...#...#...............#.......+.
..##...###'###.........#.......#.
..##...##....#.........'.......#.
..)..........#.........#......##.
..))..>......#.........#......##.


You could see Prince Ribbit.

Vanquished Creatures
  A water moccasin (D:5)
  2 bullfrogs (Sewer)
  A kobold brigand (D:5)
  A scorpion (D:4)
  4 hounds
  An orc priest (D:5)
  3 iguanas (D:5)
  An orc wizard (D:5)
  7 adders
  4 worms
  A dart slug (D:1)
  17 orcs
  15 ball pythons
  12 endoplasms
  13 giant cockroaches
  6 goblins
  9 hobgoblins
  13 quokkas
  5 bats
  14 frilled lizards
  6 kobolds
  6 rats
142 creatures vanquished.

Notes
Turn   | Place    | Note
-------+----------+-------------------------------------------
     0 | D:1      | funkygono the Minotaur Fighter began the quest for the Orb.
     0 | D:1      | Reached XP level 1. HP: 19/19 MP: 0/0
   251 | D:1      | Reached XP level 2. HP: 17/27 MP: 1/1
   749 | D:1      | Reached skill level 4 in Armour
  1205 | D:2      | Found a faded altar of an unknown god.
  1217 | D:2      | Reached XP level 3. HP: 20/33 MP: 2/2
  1736 | D:2      | Reached XP level 4. HP: 39/40 MP: 3/3
  1819 | D:2      | Identified the +5 sling "Xeutec" {speed, rElec Dex+4}
  2075 | D:3      | Found a glowing drain.
  2104 | Sewer    | Entered a sewer
  2321 | Sewer    | Reached skill level 1 in Ranged Weapons
  2322 | Sewer    | Reached skill level 5 in Armour
  2322 | Sewer    | Reached XP level 5. HP: 40/47 MP: 4/4
  2547 | Sewer    | Reached XP level 6. HP: 40/53 MP: 5/5
  3331 | D:4      | Found Xuithreso's Elemental Accessories.
  3363 | D:4      | Reached skill level 1 in Dodging
  3705 | D:5      | Entered Level 5 of the Dungeon
  3804 | D:5      | Reached skill level 5 in Shields
  4122 | D:5      | Reached skill level 5 in Fighting
  4122 | D:5      | Reached XP level 7. HP: 61/61 MP: 6/6
  4589 | D:5      | Reached skill level 5 in Long Blades
  5266 | D:6      | Noticed Prince Ribbit
  5278 | D:5      | Reached skill level 6 in Armour
  5285 | D:5      | Slain by Prince Ribbit

Illustrated notes

Levels and vault maps discovered:
D:1:      dpeg_arrival_renting, layout_basic
D:2:      layout_loops_ring, ebering_ecumenical_altar_mist, feat_on_display
D:3:      layout_rooms, portal_sewer_entry_c, serial_bayou_pond_d, hex_tiny
D:4:      layout_cave_pools, nicolae_elemental_shop
D:5:      layout_gridville, bh_walls_and_bars
D:6:      layout_cave_pools, mainiacjoe_overflow_alcove_4, uniq_prince_ribbit1

Skill      XL: |  1  2  3  4  5  6  7 |
---------------+----------------------+-----
Shields        | 4 5 |  5.2
Fighting       | 4 5 |  5.4
Armour         | 4 5 6 |  6.0
Long Blades    | 3 4 5 |  5.6
Ranged Weapons | 1 2 3 4 |  4.1
Dodging        | 1 |  1.2
Stealth        | |  0.1

Action                   |  1- 3 |  4- 6 |  7- 9 || total
-------------------------+-------+-------+-------++-------
Melee: Long sword        |    81 |   146 |    53 ||   280
       Headbutt          |     8 |    15 |     6 ||    29
 Fire: Sling             |       |   100 |     7 ||   107
Throw: Dart              |     1 |       |       ||     1
  Use: Scroll            |       |     6 |     2 ||     8
Armor: Scale mail        |    31 |       |       ||    31
       Chain mail        |     7 |   130 |    58 ||   195
Dodge: Dodged            |    44 |    75 |    35 ||   154
Block: Buckler           |    23 |    52 |    27 ||   102
